Map: Pylon LE

Players

ManlyManMeat

  • Race: Terran Terran
  • League: Master
  • Spawn Location: 5:00

VOD

Have the link to the VOD?

Description

Time

  • Played on: May 20, 2025, 12:38 p.m.
  • Length: 4:11
Show
View Real Time Build Order
Export as new Build Order

ManlyManMeat Terran 

Build Orders:  

Get SALT Encoding   

  12  0:00  SCV  
  13  0:17  SCV  
  14  0:25  Supply Depot  
  14  0:34  SCV  
  15  0:55  SCV  
  15  0:56  Barracks  
  16  1:02  Refinery  
  16  1:12  SCV  
  17  1:29  SCV  
  18  1:46  SCV  
  19  2:04  Orbital Command  
  19  2:09  Reaper  
  20  2:22  Command Center  
  20  2:32  Supply Depot  
  20  2:43  SCV  
  20  2:48  Marine  
  22  3:00  SCV  
  23  3:11  Factory  
  23  3:20  Barracks Reactor  
  23  3:29  Unknown  
  23  3:43  Command Center  
Tags
 
League
Master
Matchup
Co-op
Add a new tag
Caveats
  • Supply blocks, unpowered buildings, or Contaminate may cause inaccurate times.
  • Supply counts are checked every 10 seconds.